FLOR
TAMPA YANKEES @ FORT MYERS MIRACLE
06/17/2004
 
TOP OF THE 1ST
Tampa Yankees batting - Pitching for Fort Myers Miracle : LHP Mike Hinckley
Pitching: LHP Mike Hinckley
Batting: LHB Colby Rasmus 0-0: Called Strike
0-1: Swinging Strike
0-2: Strikes out swinging
Batting: LHB Scooter Jordan 0-0: Ball
1-0: SINGLE (Line Drive, 7S, EV 100.6 MPH)
Batting: LHB Kevin Sewell 0-0: Called Strike
0-1: 2-RUN HOME RUN (Flyball, 9D, EV 98.8 MPH), Distance : 372 ft
Batting: RHB Edwar Gonzalez 0-0: Ball
1-0: Ball
2-0: Ball
3-0: Base on Balls
Batting: RHB Drew Toussaint 0-0: SINGLE (Groundball, 34D, EV 103.8 MPH)
Edwar Gonzalez to second
Batting: LHB Irwil Rojas 0-0: Ball
1-0: Called Strike
1-1: Swinging Strike
1-2: Ball
2-2: Foul Ball, location: 25F
2-2: SINGLE (Groundball, 6MD, EV 95.6 MPH)
Edwar Gonzalez to third
Drew Toussaint to second
Batting: RHB Chad Boudon 0-0: Called Strike
0-1: Foul Ball, location: 2F
0-2: SINGLE (Line Drive, 5D, EV 95.6 MPH)
Edwar Gonzalez scores
Drew Toussaint to third
Irwil Rojas to second
Batting: LHB Randy Blood 0-0: Called Strike
0-1: Fly out, F9 (Flyball, 89D, EV 92.5 MPH)
Runner from 3rd tags up, SCORES, no throw by RF
Batting: RHB Jeff Phelps 0-0: Called Strike
0-1: Ball
1-1: Ball
2-1: Fielders Choice at 2nd, 5-4 (Groundball, 56, EV 78.8 MPH)
Top of the 1st over - 4 runs, 5 hits, 0 errors, 2 left on base; Tampa 4 - Fort Myers 0
BOTTOM OF THE 1ST
Fort Myers Miracle batting - Pitching for Tampa Yankees : RHP Joel Brito
Pitching: RHP Joel Brito
Batting: SHB Shane Shelley 0-0: Ground out 6-3 (Groundball, 6S, EV 88.1 MPH)
Batting: LHB Emerson Frostad 0-0: Called Strike
0-1: Ball
1-1: Foul Ball, location: 2F
1-2: Ground out 6-3 (Groundball, 6, EV 78.8 MPH)
Batting: RHB Javier Herrera 0-0: Ball
1-0: Ball
2-0: Called Strike
2-1: Ball
3-1: Foul Ball, location: 9LMF
3-2: Foul Ball, location: 2F
3-2: Base on Balls
Batting: LHB Christian Snavely 0-0: Ground out U3 (Groundball, 3, EV 109.4 MPH)
Bottom of the 1st over - 0 runs, 0 hits, 0 errors, 1 left on base; Tampa 4 - Fort Myers 0
TOP OF THE 2ND
Tampa Yankees batting - Pitching for Fort Myers Miracle : LHP Mike Hinckley
Batting: LHB Colby Rasmus 0-0: Ball
1-0: Called Strike
1-1: Swinging Strike
1-2: Ball
2-2: Ball
3-2: Base on Balls
Batting: LHB Scooter Jordan 0-0: Ball
1-0: Ball
2-0: Foul Ball, location: 2F
2-1: Ball
3-1: Called Strike
3-2: Foul Ball, location: 2F
3-2: SINGLE (Flyball, 8LS, EV 92.5 MPH)
Colby Rasmus to second
Batting: LHB Kevin Sewell 0-0: Foul Ball, location: 2F
0-1: Swinging Strike
0-2: Foul Ball, location: 7LSF
0-2: Strikes out swinging
Batting: RHB Edwar Gonzalez 0-0: Ball
1-0: Called Strike
1-1: Ball
2-1: Swinging Strike
2-2: Ball
3-2: Grounds into double play, 6-4-3 (Groundball, 6, EV 104.4 MPH)
Top of the 2nd over - 0 runs, 1 hit, 0 errors, 1 left on base; Tampa 4 - Fort Myers 0
BOTTOM OF THE 2ND
Fort Myers Miracle batting - Pitching for Tampa Yankees : RHP Joel Brito
Batting: LHB Scott Heard 0-0: Ball
1-0: Ball
2-0: Fly out, F9 (Flyball, 9, EV 91.9 MPH)
Batting: SHB Matt Tolbert 0-0: Ball
1-0: Foul Ball, location: 9LDF
1-1: Called Strike
1-2: Strikes out swinging
Batting: SHB Tommy Murphy 0-0: Called Strike
0-1: Ball
1-1: Ball
2-1: DOUBLE (Line Drive, 89XD, EV 100.0 MPH)
Batting: RHB Jose Cano 0-0: Ball
1-0: Swinging Strike
1-1: SINGLE (Groundball, 4MD, EV 100.0 MPH)
Tommy Murphy to third
Runner from 3rd tries for Home, SAFE, throw by CF to home
Jose Cano to second
Batting: RHB Dustin Young 0-0: Fly out, F7 (Flyball, 78S, EV 90.0 MPH)
Bottom of the 2nd over - 1 run, 2 hits, 0 errors, 1 left on base; Tampa 4 - Fort Myers 1
TOP OF THE 3RD
Tampa Yankees batting - Pitching for Fort Myers Miracle : LHP Mike Hinckley
Batting: RHB Drew Toussaint 0-0: Ball
1-0: Called Strike
1-1: Ball
2-1: Called Strike
2-2: Fly out, F8 (Flyball, 8RD, EV 95.0 MPH)
Batting: LHB Irwil Rojas 0-0: Ball
1-0: Called Strike
1-1: Single, Error in OF, E9, batter to second base (Groundball, 34D, EV 94.4 MPH)
DELAY Rain delay of 55 minutes in the 3rd inning.
Batting: RHB Chad Boudon 0-0: Called Strike
0-1: Swinging Strike
0-2: SINGLE (Line Drive, 56, EV 98.8 MPH)
Irwil Rojas to third
Batting: LHB Randy Blood 0-0: Foul Ball, location: 5SF
0-1: Ball
1-1: Fly out, F7 (Flyball, 78M, EV 92.5 MPH)
Batting: RHB Jeff Phelps 0-0: Ball
1-0: Foul Ball, location: 2RF
1-1: Swinging Strike
1-2: Strikes out looking
Top of the 3rd over - 0 runs, 2 hits, 1 error, 2 left on base; Tampa 4 - Fort Myers 1
BOTTOM OF THE 3RD
Fort Myers Miracle batting - Pitching for Tampa Yankees : RHP Joel Brito
Batting: SHB Shane Shelley 0-0: Called Strike
0-1: Fly out, F5 (Popup, 56S, EV 68.1 MPH)
Batting: LHB Emerson Frostad 0-0: Ball
1-0: Called Strike
1-1: Swinging Strike
1-2: Ball
2-2: Fly out, F4 (Popup, 4, EV 62.5 MPH)
Batting: RHB Javier Herrera 0-0: Ball
1-0: Foul Ball, location: 5FF
1-1: Foul Ball, location: 25FF
1-2: DOUBLE (Flyball, 7LD, EV 101.3 MPH)
Batting: LHB Christian Snavely 0-0: Foul Ball, location: 2F
0-1: Fly out, F3 (Line Drive, 3D, EV 71.3 MPH)
Bottom of the 3rd over - 0 runs, 1 hit, 0 errors, 1 left on base; Tampa 4 - Fort Myers 1
TOP OF THE 4TH
Tampa Yankees batting - Pitching for Fort Myers Miracle : LHP Mike Hinckley
Batting: LHB Colby Rasmus 0-0: Called Strike
0-1: Called Strike
0-2: Strikes out swinging
Batting: LHB Scooter Jordan 0-0: Ball
1-0: Called Strike
1-1: Ball
2-1: Ground out U3 (Groundball, 34, EV 67.5 MPH)
Batting: LHB Kevin Sewell 0-0: Called Strike
0-1: Called Strike
0-2: Ground out U3 (Groundball, 3S, EV 84.4 MPH)
Top of the 4th over - 0 runs, 0 hits, 0 errors, 0 left on base; Tampa 4 - Fort Myers 1
BOTTOM OF THE 4TH
Fort Myers Miracle batting - Pitching for Tampa Yankees : RHP Joel Brito
Batting: LHB Scott Heard 0-0: Ball
1-0: Called Strike
1-1: Fly out, F8 (Flyball, 8LXD, EV 100.6 MPH)
Batting: SHB Matt Tolbert 0-0: Ball
1-0: Ball
2-0: Swinging Strike
2-1: SINGLE (Groundball, 6MD, EV 103.1 MPH)
Batting: SHB Tommy Murphy 0-0: Fly out, F8 (Flyball, 8LS, EV 78.8 MPH)
Batting: RHB Jose Cano 0-0: Ball
1-0: Ball
2-0: Foul Ball, location: 9LSF
2-1: Ground out 4-3 (Groundball, 4, EV 73.1 MPH)
Bottom of the 4th over - 0 runs, 1 hit, 0 errors, 1 left on base; Tampa 4 - Fort Myers 1
TOP OF THE 5TH
Tampa Yankees batting - Pitching for Fort Myers Miracle : LHP Mike Hinckley
Batting: RHB Edwar Gonzalez 0-0: Ground out 5-3 (Groundball, 56S, EV 87.5 MPH)
Batting: RHB Drew Toussaint 0-0: Ball
1-0: Ball
2-0: Called Strike
2-1: Ball
3-1: Called Strike
3-2: Strikes out swinging
Batting: LHB Irwil Rojas 0-0: Called Strike
0-1: Foul Ball, location: 2F
0-2: Strikes out swinging
Top of the 5th over - 0 runs, 0 hits, 0 errors, 0 left on base; Tampa 4 - Fort Myers 1
BOTTOM OF THE 5TH
Fort Myers Miracle batting - Pitching for Tampa Yankees : RHP Joel Brito
Batting: RHB Dustin Young 0-0: Ball
1-0: Called Strike
1-1: Ball
2-1: Ground out 6-3 (Groundball, 6S, EV 90.0 MPH)
Batting: SHB Shane Shelley 0-0: SINGLE (Line Drive, 78M, EV 91.9 MPH)
Batting: LHB Emerson Frostad 0-0: Fly out, F2 (Popup, 2LF, EV 90.0 MPH)
Batting: RHB Javier Herrera 0-0: Ball
1-0: Ball
2-0: Called Strike
2-1: SINGLE (Line Drive, 5D, EV 106.3 MPH)
Shane Shelley to second
Batting: LHB Christian Snavely 0-0: Ball
1-0: Called Strike
1-1: Ball
2-1: TRIPLE (Line Drive, 89XD, EV 101.3 MPH)
Shane Shelley scores
Javier Herrera scores
Batting: LHB Scott Heard 0-0: Called Strike
0-1: Called Strike
0-2: Ball
1-2: SINGLE (Line Drive, 8RS, EV 91.9 MPH)
Christian Snavely scores
Batting: SHB Matt Tolbert 0-0: Called Strike
0-1: Ball
1-1: Fly out, F8 (Line Drive, 8LM, EV 88.1 MPH)
Bottom of the 5th over - 3 runs, 4 hits, 0 errors, 1 left on base; Tampa 4 - Fort Myers 4
TOP OF THE 6TH
Tampa Yankees batting - Pitching for Fort Myers Miracle : LHP Mike Hinckley
Batting: RHB Chad Boudon 0-0: Swinging Strike
0-1: Ball
1-1: Ground out 1-3 (Groundball, 15S, EV 71.3 MPH)
Pitching: LHP Peter Soteropoulos
Batting: LHB Randy Blood 0-0: Ball
1-0: Ground out 5-3 (Groundball, 5L, EV 91.9 MPH)
Batting: RHB Jeff Phelps 0-0: Called Strike
0-1: Ball
1-1: Fly out, F3 (Popup, 3SF, EV 82.5 MPH)
Top of the 6th over - 0 runs, 0 hits, 0 errors, 0 left on base; Tampa 4 - Fort Myers 4
BOTTOM OF THE 6TH
Fort Myers Miracle batting - Pitching for Tampa Yankees : RHP Joel Brito
Batting: SHB Tommy Murphy 0-0: Ball
1-0: Called Strike
1-1: Called Strike
1-2: Foul Ball, location: 23F
1-2: Strikes out looking
Batting: RHB Jose Cano 0-0: Called Strike
0-1: Ball
1-1: Fly out, F3 (Line Drive, 3, EV 71.3 MPH)
Batting: RHB Dustin Young 0-0: Ball
1-0: Ball
2-0: Ball
3-0: Called Strike
3-1: Fly out, F5 (Line Drive, 5D, EV 70.0 MPH)
Bottom of the 6th over - 0 runs, 0 hits, 0 errors, 0 left on base; Tampa 4 - Fort Myers 4
TOP OF THE 7TH
Tampa Yankees batting - Pitching for Fort Myers Miracle : LHP Peter Soteropoulos
Batting: LHB Colby Rasmus 0-0: Swinging Strike
0-1: Ball
1-1: Ball
2-1: Swinging Strike
2-2: Ball
3-2: Ground out 5-3 (Groundball, 56, EV 89.4 MPH)
Batting: LHB Scooter Jordan 0-0: Ball
1-0: Fly out, F7 (Flyball, 78S, EV 78.1 MPH)
Batting: LHB Kevin Sewell 0-0: Fly out, F8 (Flyball, 8LD, EV 88.1 MPH)
Top of the 7th over - 0 runs, 0 hits, 0 errors, 0 left on base; Tampa 4 - Fort Myers 4
BOTTOM OF THE 7TH
Fort Myers Miracle batting - Pitching for Tampa Yankees : RHP Joel Brito
Pitching: RHP Jon Mikrut
Batting: SHB Shane Shelley 0-0: Ball
1-0: Called Strike
1-1: Ball
2-1: Ball
3-1: DOUBLE (Flyball, 89XD, EV 98.8 MPH)
Batting: LHB Emerson Frostad 0-0: Ball
1-0: Ball
2-0: Fly out, F8 (Flyball, 89D, EV 85.0 MPH)
Batting: RHB Javier Herrera 0-0: Called Strike
0-1: Ball
1-1: Ball
2-1: Ball
3-1: Foul Ball, location: 3F
3-2: Foul Ball, location: 2F
3-2: Strikes out looking
Batting: LHB Christian Snavely 0-0: Fly out, F8 (Flyball, 8LM, EV 76.3 MPH)
Bottom of the 7th over - 0 runs, 1 hit, 0 errors, 1 left on base; Tampa 4 - Fort Myers 4
TOP OF THE 8TH
Tampa Yankees batting - Pitching for Fort Myers Miracle : LHP Peter Soteropoulos
Batting: RHB Edwar Gonzalez 0-0: Ball
1-0: Swinging Strike
1-1: Ground out 6-3 (Groundball, 6, EV 84.4 MPH)
Batting: RHB Drew Toussaint 0-0: Called Strike
0-1: SINGLE (Groundball, 56D, EV 100.6 MPH)
Batting: LHB Irwil Rojas 0-0: Ball
1-0: Foul Ball, location: 2F
1-1: Ball
2-1: DOUBLE (Flyball, 9LD, EV 106.3 MPH)
Drew Toussaint to third
Batting: RHB Chad Boudon 0-0: Intentional Walk
Pinch Hitting: RHB Domingo Guante 0-0: Ball
1-0: Called Strike
1-1: Grounds into fielders choice 6-2 (Groundball, 56, EV 82.5 MPH)
Irwil Rojas to third
Chad Boudon to second
Pitching: LHP P.J. Connelly
Batting: RHB Jeff Phelps 0-0: Ball
1-0: Swinging Strike
1-1: Swinging Strike
1-2: Fielders Choice at 2nd, 6-4 (Groundball, 6, EV 88.1 MPH)
Top of the 8th over - 0 runs, 2 hits, 0 errors, 3 left on base; Tampa 4 - Fort Myers 4
BOTTOM OF THE 8TH
Fort Myers Miracle batting - Pitching for Tampa Yankees : RHP Jon Mikrut
Now at 2B: Jeff Phelps
Now at SS: Russ Triplett
Batting: LHB Scott Heard 0-0: Ball
1-0: Foul Ball, location: 7LSF
1-1: Ball
2-1: Foul Ball, location: 3F
2-2: Ball
3-2: Base on Balls
Pitching: LHP Gabriele Rio
Batting: SHB Matt Tolbert 0-0: Sac Bunt to 15S - play at first, batter OUT! 1-3
Scott Heard to second
Batting: SHB Tommy Murphy 0-0: Ball
1-0: Ground out 6-3 (Groundball, 6, EV 86.3 MPH)
Batting: RHB Jose Cano 0-0: Swinging Strike
0-1: Ball
1-1: Ball
Wild Pitch!
Scott Heard to third
2-1: Ground out 6-3 (Groundball, 6, EV 83.1 MPH)
Bottom of the 8th over - 0 runs, 0 hits, 0 errors, 1 left on base; Tampa 4 - Fort Myers 4
TOP OF THE 9TH
Tampa Yankees batting - Pitching for Fort Myers Miracle : LHP P.J. Connelly
Batting: LHB Colby Rasmus 0-0: SINGLE (Groundball, 34D, EV 95.6 MPH)
Batting: LHB Scooter Jordan 0-0: Bunt - Flyout to 15S! F1
Batting: LHB Kevin Sewell 0-0: Called Strike
0-1: Ball
1-1: Called Strike
1-2: Ball
2-2: Fly out, F4 (Popup, 34D, EV 53.8 MPH)
Batting: RHB Edwar Gonzalez 0-0: Ball
1-0: Fly out, F7 (Flyball, 7LS, EV 81.9 MPH)
Top of the 9th over - 0 runs, 1 hit, 0 errors, 1 left on base; Tampa 4 - Fort Myers 4
BOTTOM OF THE 9TH
Fort Myers Miracle batting - Pitching for Tampa Yankees : LHP Gabriele Rio
Batting: RHB Dustin Young 0-0: Called Strike
0-1: Ball
1-1: Ball
2-1: Reached on error, E4 (Groundball, 4S, EV 61.3 MPH)
Batting: SHB Shane Shelley 0-0: Called Strike
0-1: Ball
1-1: Ball
2-1: Foul Ball, location: 3SF
2-2: Foul Ball, location: 9LSFF
2-2: Foul Ball, location: 2F
2-2: Fly out, F4 (Popup, 3D, EV 53.1 MPH)
Pitching: RHP Jon Uhl
Batting: LHB Emerson Frostad 0-0: SINGLE (Groundball, 4MD, EV 94.4 MPH)
Dustin Young to second
Batting: RHB Javier Herrera 0-0: Swinging Strike
0-1: Swinging Strike
0-2: Ball
1-2: Foul Ball, location: 3F
1-2: Foul Ball, location: 2F
1-2: SINGLE (Groundball, 4MD, EV 105.0 MPH)
Dustin Young to third
Emerson Frostad to second
Runner from 3rd tries for Home, SAFE, throw by CF to home
Bottom of the 9th over - 1 run, 2 hits, 1 error, 2 left on base; Tampa 4 - Fort Myers 5
Monday, November 18th , 2024 - OOTP Baseball 25.9 Build 91